 Dungeon Crawl Stone Soup version 0.22-a0-779-g6f83d72c62 (webtiles) character file.

5193 Banto the Covert (level 10, -5/56 HPs)
             Began as an Octopode Earth Elementalist on July 19, 2018.
             Was an Elder of Sif Muna.
             Slain by a two-headed ogre
             ... wielding a +0 giant spiked club
              (9 damage)
             ... on level 9 of the Dungeon.
             The game lasted 00:14:25 (10063 turns).

Banto the Covert (Octopode Earth Elementalist)     Turns: 10063, Time: 00:14:26

Health: -5/56      AC:  1    Str: 12    XL:     10   Next: 60%
Magic:  0/14       EV: 13    Int: 20    God:    Sif Muna [****..]
Gold:   532        SH:  0    Dex: 14    Spells: 3/15 levels left

rFire    . . .     SeeInvis .   i - +1 dagger (elec)
rCold    . . .     Gourm    .   (no shield)
rNeg     . . .     Faith    +   (helmet restricted)
rPois    .         Spirit   .   z - amulet of faith
rElec    .         Reflect  .   m - +5 ring of strength
rCorr    .         Harm     .   (no ring)
MR       .....                  (no ring)
Stlth    ++++++....             (no ring)
HPRegen  0.18/turn              (no ring)
MPRegen  0.14/turn              (no ring)
                                (no ring)
                                (no ring)

@: no casting
A: almost no armour, stealthy swim, amphibious, 8 rings, constrict 8, camouflage
1, gelatinous body 1
a: Stop Divine Energy, Channel Magic, Forget Spell, Renounce Religion


You were on level 9 of the Dungeon.
You worshipped Sif Muna.
Sif Muna was greatly pleased with you.
You were very hungry.

You visited 1 branch of the dungeon, and saw 10 of its levels.

You collected 532 gold pieces.

Inventory:

Hand Weapons
 i - a +1 dagger of electrocution (weapon)
Missiles
 b - 67 stones (quivered)
 y - 2 throwing nets
Magical Staves
 l - an uncursed staff of energy
Jewellery
 m - a +5 ring of strength (left tentacle)
 z - an amulet of faith (around mantle)
 B - an uncursed ring of ice
Wands
 a - a wand of random effects (30)
 g - a wand of paralysis (30)
 w - a wand of flame (17)
 x - a wand of acid (5)
Scrolls
 e - 6 scrolls of remove curse
 j - 2 scrolls of immolation
 s - 4 scrolls of magic mapping
 t - 2 scrolls of teleportation
Potions
 d - a potion of lignification {unknown}
 f - 2 potions of resistance
 h - 4 potions of berserk rage
 k - a potion of haste {unknown}
 n - a potion of might {unknown}
 o - 4 potions of ambrosia
 q - a potion of magic
 r - a potion of brilliance {unknown}
 u - 4 potions of curing
 v - 5 potions of agility
 A - 3 potions of cancellation
Comestibles
 c - 13 rations
 C - 2 chunks of flesh


   Skills:
 + Level 7.2 Short Blades
 - Level 2.0 Dodging
 + Level 11.3 Stealth
 - Level 3.0 Spellcasting
 + Level 7.5 Transmutations
 + Level 8.4 Earth Magic


You had 3 spell levels left.
You knew the following spells:

 Your Spells              Type           Power        Failure   Level  Hunger
a - Sandblast             Erth           #####.       1%          1    None
b - Passwall              Tmut/Erth      ####....     1%          2    ##.....
c - Stone Arrow           Conj/Erth      ###...       8%          3    ###....
d - Petrify               Tmut/Erth      ####....     5%          4    ####...
e - Blink                 Tloc           N/A          22%         2    ##.....

Your spell library contained the following spells:

 Spells                   Type           Power        Failure   Level  Hunger
 Magic Dart               Conj           #...         14%         1    None
 Conjure Flame            Conj/Fire      #.......     38%         3    ###....
 Slow                     Hex            #.......     22%         2    ##.....
 Mephitic Cloud           Conj/Pois/Air  #.......     38%         3    ###....
 Call Imp                 Summ           #.......     22%         2    ##.....
 Lee's Rapid Deconstruct  Erth           #####.....   13%         5    ######.


Dungeon Overview and Level Annotations

Branches:
Dungeon (10/15)            Temple (0/1) D:6            Lair (0/6) D:9
    Orc: D:9-12

Altars:
Cheibriados
Dithmenos
Elyvilon
Fedhas
Kikubaaqudgha
Makhleb
Okawaru
Sif Muna
Trog
Uskayaw
Wu Jian
Zin


Innate Abilities, Weirdness & Mutations

You cannot wear most types of armour.
You are very stealthy in the water. (Stealth+)
You are amphibious.
You can wear up to eight rings at the same time.
You can use your tentacles to constrict eight enemies at once.
Your skin changes colour to match your surroundings (Stealth+).
Your rubbery body absorbs attacks. (AC +1, EV +1)


Message History

The two-headed ogre hits you with a giant spiked club!!
Ouch! That really hurt!
The two-headed ogre misses you.
You take 29 damage, and have 27/56 hp.
MASSIVE DAMAGE!!
You now have 0/14 mp.
You regain access to your magic.
There is an open door here.
Casting: Petrify (safe; 5% risk of failure)
Confirm with . or Enter, or press ? or * to list all spells.
Aiming: Petrify (safe; 5% risk of failure)
Press: ? - help, Shift-Dir - straight line, f/p - two-headed ogre
Aim: a two-headed ogre, wielding a giant spiked club and a giant club (chance to defeat MR: 45%)
The two-headed ogre resists with some effort.
You are feeling very hungry.
Sif Muna grants you divine energy.
You briefly lose access to your magic!
You now have 0/14 mp.
The two-headed ogre hits you with a giant spiked club!!
* * * LOW HITPOINT WARNING * * *
The two-headed ogre hits you with a giant club!
You die...

##...####..# #.....8..
#........># #####...# #####.#####
#..## #.O..# #...#
####################'## #.8..
#........##...........#######...#
#........##............#........#
#........##......O...............
#........##.....@.....##.....<..#
#........#.>^.........##........#
#.<......#............##........#
#.....................##........#
#........##...........##........#
######.####...........##........#
#.# #########'####....)...# ##.#
###.....# ####...### #..#
#...##### ###..##


You could see a two-headed ogre.

Vanquished Creatures
  A two-headed ogre (D:8)
  Grinder (D:6)
  2 hippogriffs
  A yak (D:10)
  A hungry ghost (D:10)
  Duvessa (D:6)
  A sky beast (D:9)
  An ice beast (D:7)
  3 orc warriors
  4 phantoms
  5 centaurs
  6 ogres
  A crocodile (D:8)
  Blork the orc (D:6)
  3 bullfrogs
  Dowan (D:6)
  2 scorpions
  2 crimson imps (D:7)
  6 howler monkeys
  A centaur zombie (D:9)
  4 hounds
  2 jellies
  5 orc wizards
  5 orc priests
  A centaur skeleton (D:4)
  5 iguanas
  6 worker ants
  An ogre zombie (D:10)
  A worker ant zombie (D:6)
  5 gnolls
  9 adders
  2 shadow imps (D:7)
  3 oozes (D:2)
  An adder zombie (D:8)
  2 adder skeletons
  3 worms
  4 dart slugs (D:1)
  5 leopard geckos
  31 orcs
  7 bats
  9 giant cockroaches
  10 goblins
  7 hobgoblins
  10 jackals
  A quokka (D:6)
  A ball python (D:1)
  8 frilled lizards
  9 kobolds
  A quokka skeleton (D:5)
  10 rats
212 creatures vanquished.

Notes
Turn   | Place    | Note
-------+----------+-------------------------------------------
     0 | D:1      | Banto the Octopode Earth Elementalist began the quest for the Orb.
     0 | D:1      | Reached XP level 1. HP: 11/11 MP: 3/3
    23 | D:1      | Reached skill level 3 in Stealth
    49 | D:1      | Reached XP level 2. HP: 6/17 MP: 0/5
   432 | D:1      | Reached skill level 4 in Stealth
   432 | D:1      | Reached XP level 3. HP: 21/21 MP: 1/6
   436 | D:1      | Learned a level 2 spell: Passwall
   440 | D:1      | Learned a level 3 spell: Stone Arrow
  1028 | D:2      | Reached XP level 4. HP: 21/27 MP: 3/7
  1635 | D:2      | Found an iron altar of Okawaru.
  2252 | D:3      | Found an ornate altar of the Wu Jian Council.
  2252 | D:3      | Found a deep blue altar of Sif Muna.
  2261 | D:3      | Became a worshipper of Sif Muna the Loreminder
  2280 | D:3      | Found an ancient bone altar of Kikubaaqudgha.
  2309 | D:3      | Reached XP level 5. HP: 31/31 MP: 6/8
  2517 | D:3      | Found a faded altar of an unknown god.
  2825 | D:3      | Found a glowing silver altar of Zin.
  2894 | D:4      | Reached skill level 1 in Short Blades
  2894 | D:4      | Reached skill level 5 in Stealth
  3071 | D:4      | Noticed a phantom
  3088 | D:4      | HP: 1/31 [phantom (6)]
  3091 | D:4      | Killed a phantom
  3091 | D:4      | Reached XP level 6. HP: 2/36 MP: 3/10
  3830 | D:4      | Reached XP level 7. HP: 41/41 MP: 8/11
  3857 | D:4      | Learned a level 4 spell: Petrify
  3913 | D:4      | Reached skill level 6 in Stealth
  3915 | D:4      | HP: 2/41 [orc (3)]
  3949 | D:4      | HP: 1/41 [orc (4)]
  4544 | D:5      | Entered Level 5 of the Dungeon
  4602 | D:5      | Reached skill level 5 in Earth Magic
  4840 | D:5      | Found a snail-covered altar of Cheibriados.
  5067 | D:5      | Reached * piety under Sif Muna
  5223 | D:6      | Noticed Blork the orc
  5259 | D:6      | Reached skill level 7 in Stealth
  5259 | D:6      | Reached XP level 8. HP: 32/46 MP: 7/12
  5618 | D:6      | Noticed Grinder
  5630 | D:6      | Noticed Dowan
  5633 | D:6      | Noticed Duvessa
  5648 | D:6      | Killed Dowan
  6106 | D:6      | Killed Duvessa
  6188 | D:6      | Killed Blork the orc
  6188 | D:6      | Reached skill level 8 in Stealth
  6414 | D:6      | Killed Grinder
  6414 | D:6      | Reached skill level 5 in Transmutations
  6569 | D:6      | Reached XP level 9. HP: 51/51 MP: 10/13
  6626 | D:6      | Found a bloodstained altar of Trog.
  6627 | D:6      | Found a white marble altar of Elyvilon.
  6636 | D:6      | Reached ** piety under Sif Muna
  6636 | D:6      | Reached skill level 5 in Short Blades
  6777 | D:6      | Reached skill level 9 in Stealth
  6823 | D:6      | Found a staircase to the Ecumenical Temple.
  7454 | D:7      | Learned a level 2 spell: Blink
  7868 | D:7      | Found a burning altar of Makhleb.
  7977 | D:7      | You fall through a shaft for 3 floors!
  7977 | D:10     | Entered Level 10 of the Dungeon
  8034 | D:10     | Reached skill level 10 in Stealth
  8172 | D:10     | Reached *** piety under Sif Muna
  8433 | D:9      | Found a shadowy altar of Dithmenos.
  8484 | D:9      | Found a staircase to the Lair.
  8521 | D:8      | Reached XP level 10. HP: 56/56 MP: 11/14
  8773 | D:8      | Noticed a two-headed ogre
  8783 | D:8      | Killed a two-headed ogre
  8949 | D:8      | Found a blossoming altar of Fedhas.
  9011 | D:8      | Found a hide-covered altar of Uskayaw.
  9296 | D:8      | Reached skill level 11 in Stealth
  9907 | D:9      | Found a burning altar of Makhleb.
 10029 | D:9      | Reached **** piety under Sif Muna
 10034 | D:9      | Noticed a two-headed ogre
 10063 | D:9      | Slain by a two-headed ogre

Vault maps used:
D:1:      lightli_arrival_lavapool, minmay_pentomino_q2
D:2:      okawaru_trees_2
D:3:      zin_treasury, nicolae_overflow_hidden_temple,
          chequers_temple_overflow_statue_of_worship,
          chequers_ecumenical_altar_island, guppyfry_early_lair_pool
D:4:      roderic_roman_lattice, minmay_misc_feat_columns,
          mrwooster_statue_mirror, skrybe_limestone_x
D:5:      kennysheep_little_box, first_ration
D:6:      lemuel_ice_spiral_2, gammafunk_temple_overflow_pools,
          minmay_temple_entry_nine_rooms, serial_park_tiny_2, uniq_grinder,
          uniq_duvessa, uniq_blork_the_orc
D:7:      makhleb_grotto_becter, kennysheep_generic_room_9
D:8:      overflow_temple_1_default, kennysheep_mini_moat
D:9:      nicolae_dithmenos_the_darkroom, lair_entry_dummy, grunt_livestock,
          minmay_misc_feat_four_crosses, bloody_makhleb
D:10:     zombieorc1_lemuel

Skill      XL: |  1  2  3  4  5  6  7  8  9 10 |
---------------+-------------------------------+-----
Stealth        | 3 4 5 7 8 10 11 | 11.3
Earth Magic    | 4 5 6 7 8 |  8.4
Transmutations | 2 3 5 6 7 |  7.5
Short Blades   | 1 2 3 4 6 7 |  7.2
Spellcasting   | 3 |  3.0
Dodging        | |  2.0

Action                   |  1- 3 |  4- 6 |  7- 9 | 10-12 || total
-------------------------+-------+-------+-------+-------++-------
Melee: Unarmed           |     7 |       |       |       ||     7
       Constrict         |     5 |    26 |    36 |     9 ||    76
       Tentacles         |     3 |    15 |    40 |    12 ||    70
       Dagger            |    20 |    97 |   169 |    76 ||   362
       Staff             |       |       |     3 |       ||     3
Throw: Stone             |     1 |     1 |       |       ||     2
 Cast: Sandblast         |    27 |    39 |    70 |     3 ||   139
       Passwall          |       |     4 |     5 |     4 ||    13
       Petrify           |       |       |    30 |    17 ||    47
       Stone Arrow       |       |       |     9 |       ||     9
Invok: Divine Energy     |       |       |     1 |       ||     1
  Use: Scroll            |       |     7 |     9 |     5 ||    21
       Potion            |       |     1 |       |       ||     1
 Stab: Sleeping          |     5 |    11 |    17 |    19 ||    52
       Petrified         |       |       |    19 |     4 ||    23
       Distracted        |       |       |     1 |       ||     1
       Petrifying        |       |       |     2 |     1 ||     3
  Eat: Chunk             |     1 |     8 |    16 |     7 ||    32
       Ration            |       |       |     2 |       ||     2
Armor: Skin              |     6 |    10 |     7 |     2 ||    25
Dodge: Dodged            |    31 |    64 |    97 |    28 ||   220

Table legend:
 A = Spawn XP
 B = Non-spawn XP
 C = Spawn XP percentage of total XP
 D = Spawn monster count
 E = Non-spawn monster count
 F = Spawn count percentage of total count
 G = Total turns spent on level
                    A         B        C        D         E        F      G
               +---------+---------+-------+---------+---------+-------+---------
         Total |       0 |    7419 |   0.0 |       0 |     212 |   0.0 | 10063
               +---------+---------+-------+---------+---------+-------+---------
           D:1 |       0 |      70 |   0.0 |       0 |      29 |   0.0 |  1013
           D:2 |       0 |      76 |   0.0 |       0 |      29 |   0.0 |  1208
           D:3 |       0 |      59 |   0.0 |       0 |      19 |   0.0 |   919
           D:4 |       0 |     472 |   0.0 |       0 |      19 |   0.0 |  1404
           D:5 |       0 |     421 |   0.0 |       0 |      16 |   0.0 |   815
           D:6 |       0 |    1855 |   0.0 |       0 |      26 |   0.0 |  1981
           D:7 |       0 |     809 |   0.0 |       0 |      26 |   0.0 |   637
           D:8 |       0 |    1897 |   0.0 |       0 |      26 |   0.0 |  1244
           D:9 |       0 |    1066 |   0.0 |       0 |      15 |   0.0 |   512
          D:10 |       0 |     694 |   0.0 |       0 |       7 |   0.0 |   330
               +---------+---------+-------+---------+---------+-------+---------

Table legend:
 A = Turns spent in this place as a percentage of turns spent in the entire game.
 B = Non-inter-level travel turns spent in this place as a percentage of non-inter-level travel turns spent in the entire game.
 C = Inter-level travel turns spent in this place as a percentage of turns spent in this place.
 D = Turns resting spent in this place as a percentage of non-inter-level travel turns spent in this place.
 E = Turns spent auto-exploring this place as a percentage of non-inter-level travel turns spent in this place.
 F = Non-inter-level travel turns spent in this place divided by the number of levels of this place that you've seen.
                   A       B       C       D       E      F
               +-------+-------+-------+-------+-------+----------------------
         Total | 100.0 | 100.0 |   2.8 |  36.0 |  41.2 | 978.5
       Dungeon | 100.0 | 100.0 |   2.8 |  36.0 |  41.2 | 978.5
               +-------+-------+-------+-------+-------+----------------------

Table legend:
 A = Kills in this place as a percentage of kills in entire the game.
 B = Kills by you in this place as a percentage of kills by you in the entire game.
 C = Kills by friends in this place as a percentage of kills by friends in the entire game.
 D = Other kills in this place as a percentage of other kills in the entire game.
 E = Experience gained in this place as a percentage of experience gained in the entire game.
 F = Experience gained in this place divided by the number of levels of this place that you have seen.
                   A       B       C       D       E      F
               +-------+-------+-------+-------+-------+----------------------
         Total | 100.0 | 100.0 |   N/A |   N/A | 100.0 | 741.9
       Dungeon | 100.0 | 100.0 |   N/A |   N/A | 100.0 | 741.9
               +-------+-------+-------+-------+-------+----------------------
